 Dungeon Crawl Stone Soup version 0.18.1-50-g88ac8fd (webtiles) character file.

52 magog001 the Sneak (level 3, -7/18 HPs)
             Began as a Spriggan Assassin on June 10, 2017.
             Killed by divine providence
             ... invoked by an orc priest
              (13 damage)
             ... on level 3 of the Dungeon.
             The game lasted 00:13:54 (1894 turns).

magog001 the Sneak (Spriggan Assassin)              Turns: 1894, Time: 00:13:54

Health: -7/18      AC:  3    Str:  7    XL:     3   Next: 60%
Magic:  4/4        EV: 18    Int: 12    God:
Gold:   173        SH:  0    Dex: 18    Spells: 0 memorised, 2 levels left

rFire  . . .     SeeInvis +     a - +2 dagger
rCold  . . .     Gourm    .     c - +0 robe
rNeg   . . .     Faith    .     (shield restricted)
rPois  .         Spirit   .     (helmet restricted)
rElec  .         Dismiss  .     d - +0 cloak
rCorr  .         Reflect  .     (gloves unavailable)
SustAt .         Harm     .     (boots unavailable)
MR     .....                    (no amulet)
Stlth  ++++......               (no ring)
                                (no ring)

@: very quick, not resistant to hostile enchantments, stealthy
A: unfitting armour, see invisible, herbivore 3, speed 3, slow metabolism 2
a: no special abilities


You were on level 3 of the Dungeon.
You were not hungry.

You visited 1 branch of the dungeon, and saw 3 of its levels.

You collected 173 gold pieces.

Inventory:

Hand Weapons
 a - a +2 dagger (weapon)
 b - a +0 blowgun
Missiles
 e - 7 poisoned needles
 f - 2 curare-tipped needles
 j - 68 sling bullets
Armour
 c - a +0 robe (worn)
 d - a +0 cloak (worn)
Wands
 p - a wand of flame (21/48)
Scrolls
 i - a scroll of identify
 k - a scroll of enchant weapon {unknown}
 l - a scroll of fog {unknown}
 m - a scroll of fear {unknown}
 n - a scroll of recharging {unknown}
 o - a scroll of amnesia
 q - a scroll of random uselessness {unknown}
 r - a scroll of blinking {unknown}
 t - a scroll of remove curse {unknown}
Potions
 h - 2 potions of curing
 s - a potion of invisibility {unknown}
Comestibles
 g - 3 bread rations


   Skills:
 * Level 1.7 Fighting
 * Level 2.5 Short Blades
 * Level 2.7 Throwing
 * Level 2.4 Dodging
 + Level 6.6 Stealth


You had 2 spell levels left.
You didn't know any spells.

Dungeon Overview and Level Annotations

Branches:
Dungeon (3/15)

Altars:
Cheibriados
Yredelemnul


Innate Abilities, Weirdness & Mutations

You are tiny and cannot use many weapons and most armour.
You have supernaturally acute eyesight.
You are a herbivore.
You cover ground extremely quickly.
You need consume almost no food.


Message History

The orc hits you with a mace.
Wield which item (- for none, * to show all)? (? for menu, Esc to quit)
b - a +0 blowgun (weapon)
Wield which item (- for none, * to show all)? (? for menu, Esc to quit)
a - a +2 dagger (weapon)
You hit the orc.
The orc is almost dead.
The orc closely misses you.
The orc hits you from afar with a trident!
You closely miss the orc.
The orc is almost dead.
The orc completely misses you. The orc hits you with a mace.
The orc shouts!
You hit the orc.
You kill the orc!
You barely miss the orc priest. The orc completely misses you.
The orc priest mumbles some strange prayers to Beogh against you.
Beogh smites you!
Ouch! That really hurt!
You die...

#.......#
###.#..
#.......# #
#...... #
##.....##.#
....#..
#.####.####.#
# #....
#...........#
.......
#.....#o#.###
#.#..#.
##...##.oo#
...#.##
.....o. ###o#
#.## #####..
#@# #. #o.
#.# .#. ...
#..o ##.##
#... #.# #.#
#.. #..


You could see an orc priest and 3 orcs.

Vanquished Creatures
  An adder (D:2)
  An ooze (D:1)
  A dart slug (D:3)
  An orc (D:3)
  5 giant cockroaches
  3 goblins
  5 hobgoblins
  3 jackals (D:2)
  2 kobolds
  A ball python (D:2)
  3 bats (D:1)
  2 giant newts
  7 rats
35 creatures vanquished.

Notes
Turn   | Place    | Note
--------------------------------------------------------------
     0 | D:1      | magog001 the Spriggan Assassin began the quest for the Orb.
     0 | D:1      | Reached XP level 1. HP: 10/10 MP: 2/2
   188 | D:1      | Reached skill level 6 in Stealth
   421 | D:1      | Reached XP level 2. HP: 14/14 MP: 3/3
  1022 | D:2      | Reached XP level 3. HP: 15/18 MP: 4/4
  1316 | D:2      | Found a snail-covered altar of Cheibriados.
  1857 | D:3      | Found a basalt altar of Yredelemnul.
  1894 | D:3      | Killed from afar by an orc priest

Skill      XL: |  1  2 |
---------------+-------+-----
Stealth        | 6 |  6.6
Dodging        | 2 |  2.4
Fighting       | |  1.7
Short Blades   | |  2.5
Throwing       | |  2.7

Action                   || total
-------------------------++-------
Melee: Dagger            ||    75
 Fire: Blowgun           ||    15
Evoke: Wand              ||     1
  Use: Scroll            ||     3
       Potion            ||     1
 Stab: Sleeping          ||    11
Armor: Robe              ||    10
Dodge: Dodged            ||    52
